 Dungeon Crawl Stone Soup version 0.21-a0-88-g13b9641 (webtiles) character file.

4799 MatthieuS the Fighter (level 10, 0/88 HPs)
             Began as a Green Draconian Fire Elementalist on June 26, 2017.
             Was a Believer of Sif Muna.
             Slain by a two-headed ogre
             ... wielding a +0 giant club
              (12 damage)
             ... on level 8 of the Dungeon.
             The game lasted 00:30:44 (10259 turns).

MatthieuS the Fighter (DrFE)                       Turns: 10259, Time: 00:30:44

Health: 0/88       AC: 12    Str: 12    XL:     10   Next: 24%
Magic:  14/20      EV: 12    Int: 18    God:    Sif Muna [**....]
Gold:   506        SH:  0    Dex: 11    Spells: 4/22 levels left

rFire    . . .     SeeInvis .   l - +2 whip (venom)
rCold    . . .     Gourm    +   (no shield)
rNeg     . . .     Faith    .   (armour unavailable)
rPois    +         Spirit   .   (helmet restricted)
rElec    .         Reflect  .   c - +1 cloak
rCorr    .         Harm     .   y - +2 pair of gloves
MR       .....                  (no boots)
Stlth    +++++.....             s - amulet of the gourmand
HPRegen  0.24/turn              j - ring of stealth
MPRegen  0.17/turn              k - ring of stealth

@: no status effects
A: breathe noxious fumes, unfitting armour, poison resistance, cold-blooded, AC
+7
a: Breathe Noxious Fumes, Divine Energy, Renounce Religion


You were on level 8 of the Dungeon.
You worshipped Sif Muna.
Sif Muna was pleased with you.
You were completely stuffed.

You visited 2 branches of the dungeon, and saw 9 of its levels.
You also visited: Ossuary.

You collected 506 gold pieces.

Inventory:

Hand Weapons
 d - a +1 dagger of speed
 l - a +2 whip of venom (weapon)
 m - a cursed -3 hunting sling
Missiles
 e - 25 poisoned needles
Armour
 c - a +1 cloak (worn)
 y - a +2 pair of gloves (worn)
Magical Staves
 D - an uncursed staff of cold
Jewellery
 j - a ring of stealth (left hand)
 k - a ring of stealth (right hand)
 s - an amulet of the gourmand (around neck)
Wands
 H - a wand of disintegration (24/24)
 I - a wand of flame (28/48)
 J - a wand of flame (24/48)
Scrolls
 n - 5 scrolls of remove curse
 t - 2 scrolls of teleportation
 u - 2 scrolls of identify
 B - 2 scrolls of fog
 C - a scroll of magic mapping
 L - 2 scrolls of recharging
 N - a scroll of amnesia
Potions
 f - 7 potions of curing
 g - 2 potions of flight {unknown}
 i - 2 potions of mutation {unknown}
 o - a potion of cancellation {unknown}
 p - 5 potions of haste
 r - 2 potions of resistance {unknown}
 v - 2 potions of berserk rage {unknown}
 w - 2 potions of degeneration {unknown}
 x - a potion of might {unknown}
 z - 3 potions of heal wounds {unknown}
 A - 2 potions of invisibility {unknown}
 E - a potion of lignification
 O - a potion of brilliance {unknown}
Books
 a - a book of Flames

   Spells                             Type                      Level
   a - Flame Tongue                   Conjuration/Fire             1
   b - Throw Flame                    Conjuration/Fire             2
   c - Conjure Flame                  Conjuration/Fire             3
   d - Inner Flame                    Hexes/Fire                   3
   e - Sticky Flame                   Conjuration/Fire             4
   f - Fireball                       Conjuration/Fire             5
 F - a book of Conjurations

   Spells                             Type                      Level
   a - Magic Dart                     Conjuration                  1
   b - Searing Ray                    Conjuration                  2
   c - Dazzling Spray                 Conjuration/Hexes            3
   d - Fulminant Prism                Conjuration/Hexes            4
   e - Force Lance                    Conjuration/Translocation    4
   f - Iskenderun's Mystic Blast      Conjuration                  4
 G - a book of Geomancy

   Spells                             Type                      Level
   a - Sandblast                      Earth                        1
   b - Passwall                       Transmutation/Earth          2
   c - Stone Arrow                    Conjuration/Earth            3
   d - Petrify                        Transmutation/Earth          4
   e - Lee's Rapid Deconstruction     Earth                        5
 K - a book of Callings

   Spells                             Type                      Level
   a - Summon Small Mammal            Summoning                    1
   b - Call Imp                       Summoning                    2
   c - Call Canine Familiar           Summoning                    3
   d - Summon Guardian Golem          Hexes/Summoning              3
   e - Summon Lightning Spire         Summoning/Air                4
   f - Summon Ice Beast               Ice/Summoning                4
Comestibles
 b - 7 bread rations
 h - 7 royal jellies
 q - 8 meat rations
 M - 7 chunks of flesh


   Skills:
 - Level 8.0 Fighting
 - Level 0.2 Short Blades
 - Level 1.9 Dodging
 + Level 5.5 Stealth
 - Level 6.8 Spellcasting
 - Level 6.6 Conjurations
 - Level 7.6 Fire Magic


You had 4 spell levels left.
You knew the following spells:

 Your Spells              Type           Power        Failure   Level  Hunger
a - Flame Tongue          Conj/Fire      ####.        1%          1    None
b - Throw Flame           Conj/Fire      ####..       1%          2    None
c - Conjure Flame         Conj/Fire      ####....     1%          3    ##.....
d - Inner Flame           Hex/Fire       ###.....     7%          3    ##.....
e - Sticky Flame          Conj/Fire      ####....     5%          4    ####...
f - Fireball              Conj/Fire      ####......   16%         5    #####..


Dungeon Overview and Level Annotations

Branches:
Dungeon (8/15)             Temple (1/1) D:4            Lair (0/6) D:8

Altars:
Ashenzari
Cheibriados
Dithmenos
Kikubaaqudgha
Makhleb
Nemelex Xobeh
Qazlal
Ru
Sif Muna
Uskayaw
Vehumet
Wu Jian
Xom
Yredelemnul
Zin
The Shining One


Innate Abilities, Weirdness & Mutations

You can breathe blasts of noxious fumes.
Your lurid green scales are hard. (AC +7)
You cannot fit into any form of body armour.
Your system is resistant to poisons. (rPois)
You are cold-blooded and may be slowed by cold attacks.


Message History

Confirm with . or Enter, or press ? or * to list all spells.
Aiming: Flame Tongue
Press: ? - help, Shift-Dir - straight line, f/p - two-headed ogre
Aim: a two-headed ogre, wielding a giant club and a giant spiked club (heavily wounded)
The flame tongue hits the two-headed ogre.
The two-headed ogre is severely wounded.
The two-headed ogre hits you with a giant club.
* * * LOW HITPOINT WARNING * * *
The two-headed ogre hits you with a giant spiked club!
* * * LOW HITPOINT WARNING * * *
Casting: Flame Tongue
Confirm with . or Enter, or press ? or * to list all spells.
Aiming: Flame Tongue
Press: ? - help, Shift-Dir - straight line, f/p - two-headed ogre
Aim: a two-headed ogre, wielding a giant club and a giant spiked club (severely wounded)
The flame tongue hits the two-headed ogre.
The two-headed ogre is almost dead.
The two-headed ogre closely misses you.
The two-headed ogre hits you with a giant spiked club!
You die...

#...#########
#.### # #.#######
# #.......# #
#######.# # #.# #
..####### #.# #
......O.##### #.#
# #@##.># #.# #
#.##.## #.# ##
#.##.#######.# ##.
#.........##.###.#
#########...<)).).
#########.#####
#.........# #
#.######### # #


You could see a two-headed ogre.

Vanquished Creatures
  Erica (D:8)
  The ghost of mhoghedin the Ducker, a novice MfGl of Zin (D:6)
  A hippogriff (D:7)
  Eustachio (D:6)
  Edmund (D:7)
  A water moccasin (D:4)
  2 black bears (D:7)
  4 ice beasts
  2 ogres
  3 phantoms
  A centaur (D:6)
  An elf zombie (Ossuary)
  A crocodile (D:7)
  3 bullfrogs
  A wyvern skeleton (D:7)
  9 scorpions
  6 killer bees (D:7)
  2 howler monkeys
  3 crimson imps
  4 centaur zombies
  4 hounds
  2 centaur skeletons
  A bullfrog skeleton (D:7)
  3 orc priests
  Crazy Yiuf (D:2)
  2 iguanas (D:4)
  2 orc wizards
  A worker ant (D:7)
  3 ogre zombies (Ossuary)
  A hound skeleton (D:4)
  7 mummies (Ossuary)
  A worker ant zombie (D:4)
  A howler monkey skeleton (D:7)
  12 adders
  4 shadow imps
  2 oozes (D:5)
  7 adder zombies (Ossuary)
  An adder skeleton (D:4)
  A worm (D:2)
  2 dart slugs (D:1)
  3 leopard geckos
  14 orcs
  2 ball pythons
  8 bats
  10 giant cockroaches
  3 goblins (D:1)
  6 hobgoblins
  8 jackals
  4 quokkas
  3 goblin zombies (Ossuary)
  2 hobgoblin zombies (Ossuary)
  7 kobolds
  2 kobold zombies (Ossuary)
  3 quokka zombies (Ossuary)
  9 rats
  2 rat zombies (Ossuary)
  2 fungi (D:2)
194 creatures vanquished.

Notes
Turn   | Place    | Note
-------+----------+-------------------------------------------
     0 | D:1      | MatthieuS the Draconian Fire Elementalist began the quest for the Orb.
     0 | D:1      | Reached XP level 1. HP: 14/14 MP: 3/3
   368 | D:1      | Reached XP level 2. HP: 20/20 MP: 0/5
   896 | D:2      | Reached XP level 3. HP: 24/27 MP: 3/6
   947 | D:2      | Found a sparkling altar of Nemelex Xobeh.
  1095 | D:2      | Reached skill level 1 in Fighting
  1863 | D:2      | Found a runed door.
  1872 | D:2      | Learned a level 3 spell: Conjure Flame
  1872 | D:2      | Noticed Crazy Yiuf
  1899 | D:2      | Killed Crazy Yiuf
  1899 | D:2      | Reached XP level 4. HP: 35/35 MP: 2/8
  2751 | D:4      | Noticed a phantom
  2777 | D:4      | Killed a phantom
  2777 | D:4      | Reached skill level 2 in Fighting
  2777 | D:4      | Reached XP level 5. HP: 15/41 MP: 0/9
  3128 | D:4      | Noticed a water moccasin
  3138 | D:4      | Killed a water moccasin
  3138 | D:4      | Reached XP level 6. HP: 35/50 MP: 4/11
  3294 | D:4      | Learned a level 2 spell: Throw Flame
  3298 | D:4      | Learned a level 3 spell: Inner Flame
  3473 | D:4      | Reached skill level 3 in Fighting
  3616 | D:4      | Your scales start taking on a lurid green colour.
  3616 | D:4      | Reached XP level 7. HP: 43/57 MP: 1/13
  3616 | D:4      | Gained mutation: Your system is resistant to poisons. (rPois) [Green Draconian growth]
  3787 | D:4      | Found a staircase to the Ecumenical Temple.
  3855 | D:5      | Entered Level 5 of the Dungeon
  3898 | Temple   | Entered the Ecumenical Temple
  3949 | Temple   | Became a worshipper of Sif Muna the Loreminder
  4070 | D:5      | Found a sand-covered staircase.
  4077 | D:5      | Reached skill level 5 in Fire Magic
  4095 | Ossuary  | Entered an ossuary
  4331 | Ossuary  | Reached skill level 4 in Fighting
  5350 | D:5      | Reached * piety under Sif Muna
  5387 | D:5      | Reached XP level 8. HP: 67/67 MP: 6/15
  5557 | D:5      | Reached skill level 5 in Spellcasting
  5728 | D:6      | Learned a level 4 spell: Sticky Flame
  5743 | D:6      | Reached skill level 5 in Fighting
  5777 | D:6      | Noticed mhoghedin's ghost (novice MfGl)
  5859 | D:6      | Noticed Eustachio
  5879 | D:6      | Killed Eustachio
  5919 | D:6      | Noticed Edmund
  6151 | D:6      | Found a sacrificial altar of Ru.
  6270 | D:6      | Reached skill level 5 in Conjurations
  6686 | D:6      | Killed mhoghedin's ghost
  6686 | D:6      | Reached skill level 6 in Fighting
  6686 | D:6      | Reached XP level 9. HP: 75/75 MP: 2/17
  7497 | D:7      | Reached ** piety under Sif Muna
  7973 | D:7      | Found a glowing silver altar of Zin.
  7973 | D:7      | Noticed an angel
  8040 | D:7      | Reached skill level 7 in Fighting
  8161 | D:7      | Learned a level 5 spell: Fireball
  8636 | D:7      | Found a snail-covered altar of Cheibriados.
  8948 | D:7      | Killed Edmund
  9223 | D:7      | Reached skill level 8 in Fighting
  9392 | D:8      | Reached XP level 10. HP: 18/88 MP: 1/20
  9860 | D:8      | Found a basalt altar of Yredelemnul.
  9880 | D:8      | Noticed Erica
  9905 | D:8      | Killed Erica
  9905 | D:8      | Reached skill level 5 in Stealth
 10243 | D:8      | Found a staircase to the Lair.
 10252 | D:8      | Noticed a two-headed ogre
 10259 | D:8      | Slain by a two-headed ogre

Vault maps used:
D:1:      dpeg_arrival_round_c
D:2:      cheibrodos_helix_gallery, nemelex_lonely_heart_becter,
          uniq_crazy_yiuf_cottage
D:3:      first_bread, minmay_misc_feat_iff, hangedman_feature_mirror
D:4:      minmay_temple_entry_from_below_a, grunt_ministairs_4, moated_statue
D:5:      enter_ossuary_1, item_on_display_a
D:6:      hangedman_ru_absence, uniq_eustachio, uniq_edmund
D:7:      old_forge, zin_angel, lemuel_doored_altar, minmay_misc_feat_rows
D:8:      yredelemnul_altar_generic, marbit_many_paths, lair_entry_dummy,
          uniq_gastronok, uniq_erica
Temple:   nicolae_temple_god_jail
Ossuary:  ossuary_boxes_badplayer

Skill      XL: |  1  2  3  4  5  6  7  8  9 10 |
---------------+-------------------------------+-----
Fighting       | 1 2 3 4 6 8 |  8.0
Spellcasting   | 3 4 5 6 |  6.8
Conjurations   | 2 3 4 5 6 |  6.6
Fire Magic     | 4 5 6 7 |  7.6
Stealth        | 3 5 |  5.5
Short Blades   | |  0.2
Dodging        | |  1.9

Action                   |  1- 3 |  4- 6 |  7- 9 | 10-12 || total
-------------------------+-------+-------+-------+-------++-------
Melee: Dagger            |    73 |    12 |       |       ||    85
       Tailslap          |    14 |     1 |    14 |       ||    29
       Whip              |       |     5 |   240 |     2 ||   247
 Cast: Flame Tongue      |    63 |    64 |   214 |    53 ||   394
       Conjure Flame     |     1 |       |    13 |     3 ||    17
       Throw Flame       |       |     2 |    86 |     7 ||    95
       Inner Flame       |       |       |     1 |     1 ||     2
 Abil: Breathe Noxious F |       |       |     4 |       ||     4
  Use: Scroll            |     1 |     1 |    14 |       ||    16
       Potion            |     1 |       |       |     1 ||     2
 Stab: Sleeping          |       |       |     8 |       ||     8
       Distracted        |       |       |     1 |       ||     1
  Eat: Chunk             |     4 |    12 |    23 |     4 ||    43
Armor: Skin              |    40 |    12 |   110 |     3 ||   165
Dodge: Dodged            |    56 |    28 |   192 |    13 ||   289
